 Dungeon Crawl Stone Soup version 0.20-a0-1127-g1289703 (webtiles) character file.

1134 AlphabetPasta the Shooter (level 8, -6/94 HPs)
             Began as a Centaur Arcane Marksman on May 19, 2017.
             Was a Follower of Okawaru.
             Mangled by Joseph
             ... wielding a +0 quarterstaff
              (13 damage)
             ... on level 7 of the Dungeon.
             The game lasted 00:34:38 (6281 turns).

AlphabetPasta the Shooter (Centaur Arcane Marksman) Turns: 6281, Time: 00:34:39

Health: -6/94      AC:  5    Str: 20    XL:     8   Next: 14%
Magic:  5/11       EV: 10    Int: 17    God:    Okawaru [*.....]
Gold:   317        SH:  0    Dex: 10    Spells: 5/11 levels left

rFire    . . .     SeeInvis .   n - +0 hand axe
rCold    . . .     Gourm    .   (no shield)
rNeg     . . .     Faith    .   e - +0 robe
rPois    .         Spirit   .   o - +0 helmet
rElec    .         Reflect  .   i - scarf {repulsion}
rCorr    .         Harm     .   (no gloves)
MR       .....                  (no barding)
Stlth    ..........             (no amulet)
Regen    0.3/turn               (no ring)
MPRegen  0.2/turn               (no ring)

@: brilliant, berserking, repel missiles, very quick
A: hooves 3, deformed body, speed 2, tough skin 3
a: Heroism, Renounce Religion


You were on level 7 of the Dungeon.
You worshipped Okawaru.
Okawaru was aware of your devotion.
You were not hungry.

You visited 2 branches of the dungeon, and saw 8 of its levels.

You collected 317 gold pieces.

Inventory:

Hand Weapons
 a - a +1 dagger of venom
 b - a +1 shortbow
 n - a +0 hand axe (weapon)
Missiles
 d - 122 arrows
Armour
 e - a +0 robe (worn)
 i - a scarf of repulsion (worn)
 o - a +0 helmet (worn)
 x - a +0 scale mail
Jewellery
 h - a +3 ring of evasion {unknown}
 j - an uncursed ring of fire {unknown}
 k - an uncursed ring of fire {unknown}
Wands
 t - a wand of iceblast (15/15)
 v - a wand of iceblast (9/15)
 w - a wand of paralysis (12/24)
 B - a wand of lightning (5/15)
Scrolls
 q - a scroll of blinking
 y - a scroll of teleportation
 z - a scroll of magic mapping
 A - a scroll of enchant weapon
Potions
 r - 2 potions of brilliance
 u - a potion of curing {unknown}
 C - a potion of haste {unknown}
Books
 c - a book of Debilitation

   Spells                             Type                      Level
   a - Corona                         Hexes                        1
   b - Slow                           Hexes                        2
   c - Inner Flame                    Hexes/Fire                   3
   d - Portal Projectile              Hexes/Translocation          3
   e - Cause Fear                     Hexes                        4
   f - Leda's Liquefaction            Hexes/Earth                  4
Comestibles
 f - 9 bread rations
 g - 3 fruits
 l - 4 chunks of flesh
 m - 6 meat rations
 p - 3 royal jellies


   Skills:
 - Level 3.2 Fighting
 - Level 3.3 Axes
 - Level 6.4 Bows
 - Level 1.8 Armour
 - Level 2.7 Dodging
 - Level 2.3 Spellcasting
 - Level 4.0 Hexes
 - Level 1.4 Invocations
 + Level 1.5 Evocations


You had 5 spell levels left.
You knew the following spells:

 Your Spells              Type           Power        Failure   Level  Hunger
a - Corona                Hex            ####...      1%          1    #......
b - Slow                  Hex            ####....     1%          2    ###....
c - Portal Projectile     Hex/Tloc       ###...       3%          3    ###....


Dungeon Overview and Level Annotations

Branches:
Dungeon (7/15)             Temple (1/1) D:4

Altars:
Ashenzari
Cheibriados
Dithmenos
Fedhas
Gozag
Kikubaaqudgha
Makhleb
Nemelex Xobeh
Okawaru
Qazlal
Ru
Sif Muna
Trog
Uskayaw
Vehumet
Wu Jian
Yredelemnul

Annotations:
D:3 chickenpie's ghost, amateur DsAK
D:7 Joseph


Innate Abilities, Weirdness & Mutations

You have hooves in place of feet.
Armour fits poorly on your strangely shaped body.
You cover ground very quickly.
You have extremely tough skin. (AC +3)


Message History

Joseph closely misses you.
You hit Joseph but do no damage.
Joseph looks as sick as possible!
Joseph is lightly wounded.
Joseph hits you but does no damage.
You closely miss Joseph. You kick Joseph, but do no damage.
Joseph is moderately wounded.
Wield which item (- for none, * to show all)? (? for menu, Esc to quit)
Your +1 dagger of venom stops dripping with poison.
n - a +0 hand axe (weapon)
You closely miss Joseph. You kick Joseph, but do no damage.
Joseph is heavily wounded.
Joseph hits you with a quarterstaff!!
* * * LOW HITPOINT WARNING * * *
It was a potion of berserk rage.
A red film seems to cover your vision as you go berserk!
You feel yourself moving faster!
You feel mighty!
You hit Joseph.
Joseph is severely wounded.
Joseph hits you with a quarterstaff!
You die...

## .######
#####@#....#
#...@...#
#.......#
#......<#
#####+###


You could see Joseph.

Vanquished Creatures
  A sky beast (D:2)
  2 phantoms
  2 ogres (D:5)
  A bullfrog (D:6)
  A howler monkey (D:4)
  A jelly (D:5)
  3 hounds
  4 orc priests
  Ijyb (D:3)
  An orc wizard (D:3)
  Natasha (thrice) (D:3 D:5)
  An iguana (D:5)
  A worker ant (D:6)
  A hound zombie (D:6)
  Robin (D:3)
  5 adders
  A shadow imp (D:6)
  A worm (D:3)
  2 dart slugs
  6 orcs
  11 bats
  7 giant cockroaches
  11 hobgoblins
  6 jackals
  10 kobolds
  4 quokkas
  A ball python (D:2)
  6 frilled lizards
  17 goblins
  11 rats
123 creatures vanquished.

Notes
Turn   | Place    | Note
-------+----------+-------------------------------------------
     0 | D:1      | AlphabetPasta the Centaur Arcane Marksman began the quest for the Orb.
     0 | D:1      | Reached XP level 1. HP: 16/16 MP: 2/2
   182 | D:1      | Reached XP level 2. HP: 20/23 MP: 3/3
   248 | D:1      | Learned a level 2 spell: Slow
   480 | D:1      | Reached skill level 3 in Bows
   760 | D:2      | Reached XP level 3. HP: 13/28 MP: 4/4
  1016 | D:2      | Found a faded altar of an unknown god.
  1297 | D:2      | Reached XP level 4. HP: 27/36 MP: 5/5
  1626 | D:3      | Noticed Robin
  1626 | D:3      | Noticed a sky beast
  1747 | D:2      | Killed a sky beast
  1747 | D:2      | Reached skill level 1 in Axes
  1747 | D:2      | Reached skill level 4 in Bows
  1747 | D:2      | Reached XP level 5. HP: 26/41 MP: 5/7
  1894 | D:3      | Reached skill level 1 in Armour
  1900 | D:3      | Killed Robin
  2179 | D:3      | Noticed chickenpie's ghost (amateur DsAK)
  2223 | D:3      | Found a bloodstained altar of Trog.
  2282 | D:3      | Found a blossoming altar of Fedhas.
  2432 | D:3      | Found a shadowy altar of Dithmenos.
  2493 | D:3      | Noticed Natasha
  2499 | D:3      | Killed Natasha
  2706 | D:3      | Reached XP level 6. HP: 48/48 MP: 8/8
  2722 | D:3      | Noticed Ijyb
  2731 | D:3      | Killed Ijyb
  3258 | D:4      | Reached skill level 5 in Bows
  3477 | D:4      | Found a deep blue altar of Sif Muna.
  3724 | D:4      | Found a staircase to the Ecumenical Temple.
  3741 | Temple   | Entered the Ecumenical Temple
  3759 | Temple   | Became a worshipper of Warmaster Okawaru
  3818 | D:4      | Learned a level 3 spell: Portal Projectile
  3999 | D:5      | Entered Level 5 of the Dungeon
  4213 | D:5      | Reached XP level 7. HP: 48/56 MP: 9/9
  4585 | D:5      | Reached * piety under Okawaru
  4585 | D:5      | Reached skill level 6 in Bows
  4585 | D:5      | Reached skill level 1 in Invocations
  4900 | D:6      | Noticed Natasha
  4915 | D:6      | HP: 2/57 [Natasha (9)]
  5213 | D:5      | Killed Natasha
  5326 | D:5      | Noticed Natasha
  5340 | D:5      | Killed Natasha
  5650 | D:6      | Reached XP level 8. HP: 36/63 MP: 11/11
  5878 | D:6      | Found a shattered altar of Ashenzari.
  5889 | D:6      | Found a deep blue altar of Sif Muna.
  5890 | D:6      | Found a stormy altar of Qazlal.
  5894 | D:6      | Found an ancient bone altar of Kikubaaqudgha.
  6170 | D:6      | Reached skill level 1 in Evocations
  6183 | D:6      | Found a hide-covered altar of Uskayaw.
  6265 | D:7      | Noticed Joseph
  6281 | D:7      | Mangled by Joseph

Vault maps used:
D:1:      wheals_arrival_shading, minmay_split_cup_large
D:2:      chequers_ecumenical_altar_lobes
D:3:      lemuel_crystal_altar, fedhas_altar_1, bloody_trog, uniq_natasha,
          uniq_ijyb, uniq_robin
D:4:      minmay_temple_entry_statues_pillars, first_bread, kennysheep_diamond
D:6:      minitemple, basic_altar
D:7:      wad_guarded_room, uniq_joseph, uniq_duvessa, uniq_prince_ribbit1
Temple:   chequers_temple_sunken

Skill      XL: |  1  2  3  4  5  6  7  8 |
---------------+-------------------------+-----
Hexes          | 3 4 |  4.0
Bows           | 3 4 5 6 |  6.4
Fighting       | 2 3 |  3.2
Axes           | 1 2 3 |  3.3
Dodging        | 2 |  2.7
Armour         | 1 |  1.8
Spellcasting   | 2 |  2.3
Invocations    | 1 |  1.4
Evocations     | 1 |  1.5

Action                   |  1- 3 |  4- 6 |  7- 9 || total
-------------------------+-------+-------+-------++-------
Melee: Dagger            |    10 |   169 |    27 ||   206
       Kick              |       |    38 |    23 ||    61
       Hand axe          |       |       |    83 ||    83
 Fire: Shortbow          |   157 |    67 |    52 ||   276
 Cast: Slow              |       |       |     8 ||     8
       Corona            |       |       |     1 ||     1
  Use: Scroll            |     3 |     6 |     4 ||    13
       Potion            |       |       |     2 ||     2
  Eat: Chunk             |       |     8 |     5 ||    13
       Fruit             |       |       |     1 ||     1
Armor: Robe              |    34 |    45 |    27 ||   106
Dodge: Dodged            |    69 |    67 |    47 ||   183
       Deflected         |       |     2 |       ||     2
